 Dungeon Crawl Stone Soup version 0.19-a0-1704-gbd66c22 (webtiles) character file.

1333 Zwobot the Conjurer (level 8, 44/44 HPs)
             Began as a Deep Elf Conjurer on May 30, 2016.
             Quit the game in the Ecumenical Temple on Sept 27, 2016.
             The game lasted 00:30:11 (7169 turns).

Zwobot the Conjurer (Deep Elf Conjurer)             Turns: 7169, Time: 00:30:12

Health: 44/44      AC:  8    Str:  5    XL:     8   Next: 34%
Magic:  21/21      EV: 14    Int: 23    God:
Gold:   382        SH:  0    Dex: 15    Spells: 6 memorised, 3 levels left

rFire  . . .     SeeInvis .     a - +2 dagger (freeze)
rCold  . . .     Gourm    .     P - +3 leather armour of the Hart {rPois rCorr Stlth+}
rNeg   + . .     Faith    .     (no shield)
rPois  +         Spirit   .     m - +0 helmet
rElec  .         Dismiss  +     (no cloak)
rCorr  +         Reflect  .     (no gloves)
MR     .....     Harm     .     (no boots)
Stlth  +++.......               p - amulet of dismissal
                                (no ring)
                                v - ring of positive energy

@: no status effects
A: no striking features
a: no special abilities


You were in the Ecumenical Temple.
You were not hungry.

You visited 2 branches of the dungeon, and saw 7 of its levels.
You also visited: Ossuary.

You collected 382 gold pieces.

Inventory:

Hand Weapons
 a - a +2 dagger of freezing (weapon)
 i - a +0 dagger
 k - a +0 hunting sling
 l - a +1 spear of flaming
 t - a +0 hunting sling of flaming
 E - a +1 flail of pain
 T - a +0 blowgun
Missiles
 e - 74 bolts
 x - 208 stones (quivered)
 H - 6 poisoned javelins
 U - 15 poisoned needles
Armour
 m - a +0 helmet (worn)
 s - a +1 robe
 P - the +3 leather armour of the Hart (worn) {rPois rCorr Stlth+}
   (You found it on level 5 of the Dungeon)

   It protects you from poison.
   It protects you from acid and corrosion.
   It makes you more stealthy.
Magical Staves
 J - an uncursed staff of poison
Jewellery
 p - an amulet of dismissal (around neck)
 v - a ring of positive energy (left hand)
 F - an uncursed amulet of harm {unknown}
Wands
 M - a wand of flame (18/48)
Scrolls
 j - a scroll of noise
 n - a scroll of amnesia {unknown}
 q - 2 scrolls of teleportation {unknown}
 u - a scroll of fog {unknown}
 w - a scroll of recharging {unknown}
 y - a scroll of identify
 C - a scroll of blinking {unknown}
 G - a scroll of enchant armour
 I - 3 scrolls of remove curse
 L - 5 scrolls of magic mapping {unknown}
Potions
 d - 6 potions of heal wounds
 f - a potion of might
 h - 3 potions of agility {unknown}
 o - a potion of berserk rage {unknown}
 r - 4 potions of curing
 z - a potion of degeneration {unknown}
 A - a potion of cancellation {unknown}
 B - 4 potions of flight
 D - a potion of invisibility {unknown}
 K - 2 potions of cure mutation
 N - a potion of beneficial mutation {unknown}
 O - a potion of magic {unknown}
 Q - a potion of ambrosia {unknown}
 R - a potion of brilliance {unknown}
Books
 b - a book of Conjurations

   Spells                             Type                      Level
   a - Magic Dart                     Conjuration                  1
   b - Searing Ray                    Conjuration                  2
   c - Dazzling Spray                 Conjuration/Hexes            3
   d - Fulminant Prism                Conjuration/Hexes            4
   e - Iskenderun's Mystic Blast      Conjuration                  4
   f - Iskenderun's Battlesphere      Conjuration/Charms           5
Comestibles
 c - 4 bread rations
 g - 4 meat rations


   Skills:
 - Level 2.0 Fighting
 + Level 5.9 Dodging
 - Level 2.4 Stealth
 + Level 7.6 Spellcasting
 + Level 7.9 Conjurations
 * Level 4.3 Charms


You had 3 spell levels left.
You knew the following spells:

 Your Spells              Type           Power        Failure   Level  Hunger
a - Magic Dart            Conj           ####         1%          1    None
b - Searing Ray           Conj           #####.       1%          2    None
c - Iskenderun's Mystic   Conj           #####...     6%          4    ###....
d - Dazzling Spray        Conj/Hex       ####..       10%         3    None
e - Iskenderun's Battles  Conj/Chrm      #####...     28%         5    #####..
f - Fulminant Prism       Conj/Hex       ####......   28%         4    ###....


Dungeon Overview and Level Annotations

Branches:
Dungeon (6/15)             Temple (1/1) D:6

Altars:
Ashenzari
Cheibriados
Dithmenos
Gozag
Kikubaaqudgha
Makhleb
Nemelex Xobeh
Okawaru
Qazlal
Ru
Vehumet
Yredelemnul
Zin
The Shining One

Shops:
D:4 [   D:5 *   D:6 [

Annotations:
D:6 exclusion: sky beast, Grinder


Message History

There is an open door here.
Found an iron altar of Okawaru.
You open the door.
There is an open door here.
Found a basalt altar of Yredelemnul and a burning altar of Makhleb.
Found a radiant altar of Vehumet and a shadowy altar of Dithmenos.
You open the door.
There is an open door here.
There is a basalt altar of Yredelemnul here.
There is an open door here.
You open the door.
There is an open door here.
There is a shadowy altar of Dithmenos here.
There is a shadowy altar of Dithmenos here.
There is an open door here.
You open the door.
Saving game... please wait.
Welcome back, Zwobot the Deep Elf Conjurer.
Press ? for a list of commands and other information.
Are you sure you want to abandon this character and quit the game? (Confirm with "yes".)

#############
#...#...#...#
#._.'.@.'._.#
#...#...#...#
#####...#####
#...#...#...#
#._.+...'._.#
#...#...#...#
#####...#####
#...#...#...#
#._.+...+._.#


There were no monsters in sight!

Vanquished Creatures
  Sigmund (D:4)
  A phantom (D:4)
  An ogre (D:4)
  A bullfrog (D:6)
  2 scorpions (D:4)
  A howler monkey (D:5)
  A crimson imp (D:6)
  A jelly (D:5)
  2 hounds (D:6)
  An orc priest (D:5)
  A gnoll shaman (D:3)
  An iguana (D:5)
  3 orc wizards
  A centaur skeleton (D:4)
  Natasha (twice) (D:3)
  4 worker ants
  3 mummies (Ossuary)
  6 gnolls
  12 adders
  3 adder zombies (Ossuary)
  2 worms
  7 dart slugs
  4 leopard geckos
  18 orcs
  4 ball pythons
  4 bats
  6 giant cockroaches
  7 hobgoblins
  7 jackals
  7 kobolds
  A quokka (D:3)
  4 frilled lizards
  10 goblins
  4 goblin zombies (Ossuary)
  3 hobgoblin zombies (Ossuary)
  3 kobold zombies (Ossuary)
  A quokka skeleton (D:4)
  A quokka zombie (Ossuary)
  5 rats
  3 rat zombies (Ossuary)
149 creatures vanquished.

Notes
Turn   | Place    | Note
-------+----------+-------------------------------------------
     0 | D:1      | Zwobot the Deep Elf Conjurer began the quest for the Orb.
     0 | D:1      | Reached XP level 1. HP: 10/10 MP: 6/6
   354 | D:1      | Reached XP level 2. HP: 15/15 MP: 5/8
   567 | D:1      | Learned a level 2 spell: Searing Ray
  1069 | D:1      | Reached XP level 3. HP: 20/20 MP: 8/10
  2509 | D:3      | Reached skill level 5 in Conjurations
  2509 | D:3      | Reached XP level 4. HP: 20/24 MP: 8/12
  2515 | D:3      | Learned a level 4 spell: Iskenderun's Mystic Blast
  2519 | D:3      | Learned a level 3 spell: Dazzling Spray
  2674 | D:3      | Noticed Natasha
  2682 | D:3      | Killed Natasha
  2682 | D:3      | Reached skill level 1 in Fighting
  2765 | D:4      | Found Byimp's Armour Shop.
  3112 | D:4      | Noticed a phantom
  3120 | D:5      | Entered Level 5 of the Dungeon
  3188 | D:4      | Noticed Sigmund
  3227 | D:4      | Killed Sigmund
  3227 | D:4      | Reached skill level 5 in Spellcasting
  3227 | D:4      | Reached XP level 5. HP: 21/29 MP: 5/15
  3227 | D:4      | Reached XP level 6. HP: 25/34 MP: 5/16
  3421 | D:4      | Learned a level 5 spell: Iskenderun's Battlesphere
  3835 | D:3      | Reached XP level 7. HP: 34/40 MP: 10/18
  4375 | D:3      | Noticed Natasha
  4376 | D:3      | Killed Natasha
  5073 | D:4      | Learned a level 4 spell: Fulminant Prism
  5113 | D:4      | Reached skill level 5 in Dodging
  5500 | D:5      | Found Pecoshuna's General Store.
  5580 | D:5      | Got a warped leather armour
  5591 | D:5      | Identified the +3 leather armour of the Hart {rPois rCorr Stlth+} (You found it on level 5 of the Dungeon)
  5627 | D:5      | Reached skill level 1 in Charms
  6043 | D:5      | Reached XP level 8. HP: 43/44 MP: 13/20
  6257 | D:6      | Found a sand-covered staircase.
  6263 | Ossuary  | Entered an ossuary
  6591 | D:6      | Noticed Grinder
  6641 | D:6      | Found Beotekae's Antique Armour Emporium.
  6950 | D:6      | Found a sacrificial altar of Ru.
  7091 | D:6      | Found a staircase to the Ecumenical Temple.
  7104 | Temple   | Entered the Ecumenical Temple
  7169 | Temple   | Upgraded the game from 0.19-a0-376-gf780d9b to 0.19-a0-1704-gbd66c22
  7169 | Temple   | Quit the game

Vault maps used:
D:1:      dpeg_arrival_stonehenge_12_columns
D:2:      wad_lake_hut, first_bread
D:3:      kennysheep_slugbush, nicolae_overflow_hidden_temple,
          serial_corexii_hall, corexii_hall_statues_l, corexii_hall_statues_l,
          uniq_natasha
D:4:      serial_shops, nicolae_shop_stone, kennysheep_opposing_triangles,
          uniq_sigmund
D:5:      serial_shops, nicolae_shop_statue_plus, minmay_liquid_box
D:6:      kennysheep_mini_moat, nicolae_ru_great_annihilating_truth,
          lightli_temple_of_fire, minmay_temple_entry_poolview, serial_shops,
          shop, nicolae_ossuary_entry_plus, serial_bayou_crossing, uniq_grinder,
          uniq_eustachio
Temple:   nicolae_temple_god_jail
Ossuary:  ossuary_minmay_chase

Skill      XL: |  1  2  3  4  5  6  7  8 |
---------------+-------------------------+-----
Dodging        | 3 4 5 |  5.9
Spellcasting   | 4 5 6 7 |  7.6
Conjurations   | 5 6 7 |  7.9
Fighting       | 1 2 |  2.0
Charms         | 2 4 |  4.3
Stealth        | |  2.4

Action                   |  1- 3 |  4- 6 |  7- 9 || total
-------------------------+-------+-------+-------++-------
Melee: Spear             |     7 |       |       ||     7
       Dagger            |       |    19 |   146 ||   165
 Cast: Magic Dart        |    76 |    40 |   115 ||   231
       Searing Ray       |     1 |     8 |     5 ||    14
       Iskenderun's Myst |       |     3 |    19 ||    22
       Dazzling Spray    |       |     1 |     4 ||     5
  Use: Scroll            |     4 |     3 |     3 ||    10
       Potion            |       |     2 |     2 ||     4
 Stab: Sleeping          |     1 |     5 |     9 ||    15
  Eat: Chunk             |     4 |     3 |     7 ||    14
       Fruit             |       |     1 |     2 ||     3
       Pizza             |       |     1 |     1 ||     2
       Royal jelly       |       |       |     1 ||     1
Armor: Skin              |       |     1 |       ||     1
       Robe              |       |     4 |     3 ||     7
       Leather armour    |       |       |    42 ||    42
Dodge: Dodged            |     8 |    19 |   116 ||   143
